[Event "Stay Safe Play From Home 422"]
[Site "Emanuel Lasker Arena"]
[Date "2020.08.30"]
[Round "5"]
[White "Kongle"]
[Black "Timbre"]
[Result "1/2-1/2"]
[WhiteElo "1748"]
[BlackElo "1587"]
[Annotator "NA"]
[PlyCount "66"]
[EventDate "2020.08.30"]
[EventType "swiss (blitz)"]
[TimeControl "300"]

1. d4 d5 2. c4 c6 3. Nc3 Nf6 4. Bg5 e6 5. e3 Be7 6. Nf3 Nbd7 7. cxd5 exd5 8. Bd3 O-O 9. O-O Re8 10. h3 Nf8 11. Ne5 Ng6 12. Nxg6 hxg6 13. Qb3 Nh5 14. Bxe7 Qxe7 15. Rae1 Qg5 16. f4 Qg3 17. Ne2 Qxe3+ 18. Kh2 Qe7 19. f5 Qd6+ 20. Kg1 Bxf5 21. Bxf5 gxf5 22. Qxb7 Rab8 23. Qxa7 Rxb2 24. Qa6 Rbxe2 25. Rxe2 Rxe2 26. Qxe2 g6 27. Qe5 Qb4 28. g4 Ng7 29. g5 Nh5 30. Qe8+ Kg7 31. Qe5+ Kg8 32. Qe8+ Kg7 33. Qe5+ Kg8 {[%emt 0:00:01] (Lag: Av=0.82s, max=3.1s)} 1/2-1/2

[Event "Stay Safe Play From Home 422"]
[Site "Emanuel Lasker Arena"]
[Date "2020.08.30"]
[Round "6"]
[White "Sadbat1122"]
[Black "Kongle"]
[Result "0-1"]
[WhiteElo "1652"]
[BlackElo "1741"]
[Annotator "NA"]
[PlyCount "54"]
[EventDate "2020.08.30"]
[EventType "swiss (blitz)"]
[TimeControl "300"]

1. e4 d5 2. exd5 Nf6 3. d4 Nxd5 4. c4 Nb4 5. Qa4+ N8c6 6. d5 b5 7. cxb5 Qxd5 8. bxc6 Qe4+ 9. Be3 Nc2+ 10. Qxc2 Qxc2 11. Nd2 Qxb2 12. Rb1 Qxa2 13. Bc4 Qa5 14. Ngf3 Bf5 15. Rd1 e6 16. O-O Bd6 17. Ra1 Qb4 18. Nd4 Bg6 19. h4 O-O 20. h5 Bxh5 21. Rfb1 Qc3 22. Rc1 Qb4 23. Rab1 Qa5 24. Rb5 Qa3 25. N2b3 Bg6 26. Ra1 Qb2 27. Bc1 Qc3 {[%emt 0:00:07] Time (Lag: Av=1.16s, max=3.5s)} 0-1